 Dungeon Crawl Stone Soup version 0.28-a0-895-g6e5f11bd55 (webtiles) character file.

Game seed: 8607014481955120497

12 croobank the Sneak (level 2, -2/24 HPs)
             Began as a Human Delver on Nov 23, 2021.
             Slain by an iguana (11 damage)
             ... on level 4 of the Dungeon.
             The game lasted 00:01:34 (128 turns).

croobank the Sneak (Human Delver)                    Turns: 128, Time: 00:01:35

Health: -2/24      AC:  3    Str: 12    XL:     2   Next: 45%
Magic:  2/2        EV: 12    Int: 10    God:
Gold:   7          SH:  0    Dex: 14    Spells: 1/1 levels left

rFire   . . .      SeeInvis .   a - +0 hand axe
rCold   . . .      Faith    .   (no shield)
rNeg    . . .      Spirit   .   b - +0 leather armour
rPois   .          Reflect  .   (no helmet)
rElec   .          Harm     .   (no cloak)
rCorr   .          Rampage  .   (no gloves)
Will    .....                   (no boots)
Stlth   +++.......              (no amulet)
HPRegen 0.08/turn               (no ring)
MPRegen 0.08/turn               (no ring)

@: hasted, very quick
A: no striking features
a: no special abilities


You were on level 4 of the Dungeon.
You visited 1 branch of the dungeon, and saw 2 of its levels.

You collected 7 gold pieces.

Inventory:

Hand Weapons
 a - a +0 hand axe (weapon)
Armour
 b - a +0 leather armour (worn)
Wands
 g - a wand of digging (3)
Scrolls
 c - a scroll of fog
 d - a scroll of magic mapping


   Skills:
 + Level 3.1 Fighting
 + Level 2.1 Axes
 + Level 2.0 Dodging
 + Level 5.4 Stealth


You had one spell level left.
You didn't know any spells.
Your spell library was empty.

Dungeon Overview and Level Annotations

Branches:
Dungeon (5/15)
 Temple: D:4-7

Altars:


Message History

As you read the scroll of fear, it crumbles to dust.
You assume a fearsome visage.
The hound skeleton is unaffected.
The iguana looks frightened!
You closely miss the hound skeleton.
The hound skeleton bites you but does no damage.
The hound skeleton barely misses you.
You slash the hound skeleton!
The hound skeleton is moderately damaged.
The hound skeleton misses you.
You hit the hound skeleton.
The hound skeleton is heavily damaged.
The hound skeleton bites you but does no damage.
The hound skeleton closely misses you.
You hit the hound skeleton.
The hound skeleton is almost destroyed.
The hound skeleton bites you but does no damage.
You hit the hound skeleton.
You destroy the hound skeleton!
The iguana seems to regain its courage.
You have reached level 2!
Okay, then.
You feel yourself speed up.
Found a mace.
The iguana closely misses you.
You closely miss the iguana. The iguana barely misses you.
You hit the iguana.
The iguana is lightly wounded.
The iguana bites you!
You hit the iguana.
The iguana is heavily wounded.
You completely miss the iguana.
The iguana is heavily wounded.
The iguana misses you.
You barely miss the iguana.
The iguana is heavily wounded.
The iguana bites you!
You hit the iguana.
The iguana is severely wounded.
The iguana bites you!
You die...

####...##
....)..
......
.....
#.<=#
#...#
#..l#
#..@#
##.$.###
#......#
#.#>##.#
#.#.# .#
# #.. .
.##. .. .
.. .. ..
.....


You could see an iguana.

Vanquished Creatures
  A hound skeleton (D:4)
1 creature vanquished.

Notes
Turn   | Place    | Note
-------+----------+-------------------------------------------
     0 | D:5      | croobank the Human Delver began the quest for the Orb.
     0 | D:5      | Reached XP level 1. HP: 18/18 MP: 1/1
    42 | D:5      | Noticed an iguana
   120 | D:4      | Reached XP level 2. HP: 24/24 MP: 2/2
   128 | D:4      | Slain by an iguana

Illustrated notes

Levels and vault maps discovered:
D:4:      layout_loops_cross, lemuel_temple_firewalk_b
D:5:      layout_basic, general_overflow_altar, nzn_hepliaklqana_mist_gate

Action                   || total
-------------------------++-------
Melee: Hand axe          ||    11
  Use: Scroll            ||     1
       Potion            ||     1
Armor: Leather armour    ||     3
Dodge: Dodged            ||     7

Table legend: (Time is in decaauts)
 A = Elapsed time spent in this place.
 B = Non-inter-level travel time spent in this place.
 C = Inter-level travel time spent in this place.
 D = Time resting spent in this place.
 E = Time spent auto-exploring this place.
 F = Levels seen in this place.
 G = Mean time per level.
                   A        B        C        D        E       F      G
               +--------+--------+--------+--------+--------+-----+--------+
         Total |    127 |    127 |      0 |     41 |     40 |   2 |   63.5 |
       Dungeon |    127 |    127 |      0 |     41 |     40 |   2 |   63.5 |
               +--------+--------+--------+--------+--------+-----+--------+

Top non-repeatable levels by time:
     D:5: 112 daAuts
     D:4: 15 daAuts
